[Event "GambitGuide"]
[Site "Internet Chess Club"]
[Date "2014.10.30"]
[Round "1"]
[White "JSBach"]
[Black "supermonkey"]
[Result "0-1"]
[ICCResult "White checkmated"]
[WhiteElo "1713"]
[BlackElo "1583"]
[Opening "Vienna: `Frankenstein-Dracula' variation"]
[ECO "C27"]
[NIC "VG.02"]
[Time "20:20:18"]
[TimeControl "120+12"]

1. e4 e5 2. Nc3 Nf6 3. Bc4 Nxe4 4. Qh5 Nd6 5. Bb3 Nc6 6. Nb5 g6 7. Qf3 f5 8.
Qd5 Qe7 9. Nxc7+ Kd8 10. Nxa8 b6 11. Ba4 Bb7 12. Nxb6 axb6 13. Qb3 Kc7 14.
Ne2 Nd4 15. Nxd4 exd4+ 16. Kf1 f4 17. Qb4 f3 18. gxf3 Bxf3 19. Bb5 Bxh1 20.
Qxd4 Bg7 21. Qf4 Rf8 22. Qa4 Qf6 23. Kg1 Bb7 24. f4 g5 25. Bd3 gxf4 26. Kf1
f3 27. Bxh7 f2 28. Bd3 Qf3 29. Qxd7+ Kxd7 30. Bf5+ Rxf5 31. d3 Qg2+ 32. Ke2
f1=Q+ 33. Ke3 Qge2# {White checkmated} 0-1

[Event "GambitGuide"]
[Site "Internet Chess Club"]
[Date "2014.10.30"]
[Round "1"]
[White "JSBach"]
[Black "Muad-dib"]
[Result "0-1"]
[ICCResult "White checkmated"]
[WhiteElo "1713"]
[BlackElo "2151"]
[Opening "Vienna: `Frankenstein-Dracula' variation"]
[ECO "C27"]
[NIC "VG.02"]
[Time "20:20:31"]
[TimeControl "120+12"]

1. e4 e5 2. Nc3 Nf6 3. Bc4 Nxe4 4. Qh5 Nd6 5. Bb3 Nc6 6. Nb5 g6 7. Qf3 f5 8.
Qd5 Qe7 9. Nxc7+ Kd8 10. Nxa8 b6 11. Ba4 Bb7 12. Nxb6 axb6 13. Qb3 Kc7 14.
Ne2 Nd4 15. Nxd4 exd4+ 16. Kf1 Bh6 17. Qb4 Re8 18. Qxd6+ Qxd6 19. Bb3 Qe5
20. Be6 Rxe6 21. a4 Qe1# {White checkmated} 0-1

[Event "GambitGuide"]
[Site "Internet Chess Club"]
[Date "2014.10.30"]
[Round "1"]
[White "JSBach"]
[Black "nightyknight"]
[Result "1-0"]
[ICCResult "Black resigns"]
[WhiteElo "1713"]
[BlackElo "1189"]
[Opening "Vienna: `Frankenstein-Dracula' variation"]
[ECO "C27"]
[NIC "VG.02"]
[Time "20:19:47"]
[TimeControl "120+12"]

1. e4 e5 2. Nc3 Nf6 3. Bc4 Nxe4 4. Qh5 Nd6 5. Bb3 Nc6 6. Nb5 g6 7. Qf3 f5 8.
Qd5 Qe7 9. Nxc7+ Kd8 10. Nxa8 b6 11. Ba4 Bb7 12. Nxb6 axb6 13. Qb3 Kc7 14.
Ne2 e4 15. Nf4 Nd4 16. Qc3+ Kb8 17. Qxd4 Bg7 18. Qxb6 Nc4 19. Qb5 Ne5 20.
Nd5 Qg5 21. O-O Nf3+ 22. Kh1 Be5 23. gxf3 Qf4 24. Nxf4 {Black resigns} 1-0

[Event "GambitGuide"]
[Site "Internet Chess Club"]
[Date "2014.10.30"]
[Round "1"]
[White "JSBach"]
[Black "kaisar"]
[Result "1-0"]
[ICCResult "Black resigns"]
[WhiteElo "1713"]
[BlackElo "1311"]
[Opening "Vienna: `Frankenstein-Dracula' variation"]
[ECO "C27"]
[NIC "VG.02"]
[Time "20:18:56"]
[TimeControl "120+12"]

1. e4 e5 2. Nc3 Nf6 3. Bc4 Nxe4 4. Qh5 Nd6 5. Bb3 Nc6 6. Nb5 g6 7. Qf3 f5 8.
Qd5 Qe7 9. Nxc7+ Kd8 10. Nxa8 b6 11. Ba4 Bb7 12. Nxb6 axb6 13. Qb3 Kc7 14.
Ne2 Ne4 15. d3 Nc5 16. Qa3 Nxa4 17. Qxa4 Qb4+ 18. Nc3 Qxa4 19. Nxa4 Bb4+ 20.
Bd2 Bxd2+ 21. Kxd2 Nd4 22. Rhe1 d6 23. f3 Ra8 24. Nc3 Bc6 25. Rad1 b5 26. a3
Ne6 27. Rc1 Nc5 28. Rcd1 Nd7 29. Re3 d5 30. Re2 d4 31. Nb1 Kd6 32. Rde1 Re8
33. c4 bxc4 34. dxc4 Nc5 35. b4 Nb3+ 36. Kc2 Ba4 37. Kd3 e4+ 38. fxe4 fxe4+
39. Rxe4 Rxe4 40. Rxe4 Nc1+ 41. Kxd4 Bc2 42. c5+ Kd7 43. Re1 Nd3 44. Rf1 h5
45. b5 g5 46. c6+ Kd6 47. Kc3 Bxb1 48. Rxb1 Nc5 49. Kc4 Ne4 50. Re1 Nd2+ 51.
Kc3 {Black resigns} 1-0

[Event "GambitGuide"]
[Site "Internet Chess Club"]
[Date "2014.10.30"]
[Round "1"]
[White "JSBach"]
[Black "andyyang"]
[Result "1-0"]
[ICCResult "Black resigns"]
[WhiteElo "1713"]
[BlackElo "1782"]
[Opening "Vienna: `Frankenstein-Dracula' variation"]
[ECO "C27"]
[NIC "VG.02"]
[Time "20:18:55"]
[TimeControl "120+12"]

1. e4 e5 2. Nc3 Nf6 3. Bc4 Nxe4 4. Qh5 Nd6 5. Bb3 Nc6 6. Nb5 g6 7. Qf3 f5 8.
Qd5 Qe7 9. Nxc7+ Kd8 10. Nxa8 b6 11. Ba4 Nd4 12. f4 exf4+ 13. Kf2 Bg7 14. b3
Bb7 15. Nxb6 Bxd5 16. Nxd5 Nxc2 17. Nxe7 Nxa1 18. Nd5 Nc2 19. Nxf4 Ne4+ 20.
Ke2 Nd4+ 21. Ke3 Re8 22. Bb2 Nc2+ 23. Ke2 Bxb2 24. Kd1 Nd4 25. Nd3 Ba3 26.
b4 Nd6 27. g3 Nc4 28. h3 Nb2+ 29. Nxb2 Bxb2 30. h4 Ba3 31. b5 Bb4 32. h5 Re6
33. Rh4 Bc5 34. hxg6 Rxg6 35. Ne2 Nxe2 36. Kxe2 Rxg3 37. Rxh7 Rg2+ 38. Kd3
Rg3+ 39. Kc4 Bb6 40. Bc2 Rg4+ 41. Kd5 Rd4+ 42. Ke5 f4 43. d3 d6+ 44. Ke6 f3
45. Rf7 f2 46. Rxf2 Re4+ 47. dxe4 Bxf2 48. Kxd6 {Black resigns} 1-0

[Event "GambitGuide"]
[Site "Internet Chess Club"]
[Date "2014.10.30"]
[Round "1"]
[White "JSBach"]
[Black "evorg"]
[Result "1-0"]
[ICCResult "Black resigns"]
[WhiteElo "1713"]
[BlackElo "1539"]
[Opening "Vienna: `Frankenstein-Dracula' variation"]
[ECO "C27"]
[NIC "VG.02"]
[Time "20:21:24"]
[TimeControl "120+12"]

1. e4 e5 2. Nc3 Nf6 3. Bc4 Nxe4 4. Qh5 Nd6 5. Bb3 Nc6 6. Nb5 g6 7. Qf3 f5 8.
Qd5 Qe7 9. Nxc7+ Kd8 10. Nxa8 b6 11. Ba4 Bb7 12. Nxb6 axb6 13. Qb3 Kc7 14.
Nf3 e4 15. Ng1 Qe5 16. Qc3 Qxc3 17. dxc3 Bg7 18. Bg5 Nc4 19. O-O-O Be5 20.
Bb5 Nd6 21. Ba4 Re8 22. Bb3 Na5 23. Bd5 Bxd5 24. Rxd5 Kc6 25. Rd1 Nf7 26.
Bd2 Nc4 27. Ne2 Nxd2 28. Rxd2 d5 29. Rhd1 Rd8 30. c4 d4 31. Nxd4+ Bxd4 32.
Rxd4 Rxd4 33. Rxd4 Nd6 34. Kd2 Kc5 35. Rd5+ Kc6 36. Kc3 {Black resigns} 1-0

[Event "GambitGuide"]
[Site "Internet Chess Club"]
[Date "2014.10.30"]
[Round "1"]
[White "JSBach"]
[Black "CairnTerrier"]
[Result "1-0"]
[ICCResult "Black resigns"]
[WhiteElo "1713"]
[BlackElo "1232"]
[Opening "Vienna: `Frankenstein-Dracula' variation"]
[ECO "C27"]
[NIC "VG.02"]
[Time "20:22:41"]
[TimeControl "120+12"]

1. e4 e5 2. Nc3 Nf6 3. Bc4 Nxe4 4. Qh5 Nd6 5. Bb3 Nc6 6. Nb5 g6 7. Qf3 f5 8.
Qd5 Qe7 9. Nxc7+ Kd8 10. Nxa8 b6 11. Ba4 Bb7 12. Nxb6 axb6 13. Qb3 Kc7 14.
Ne2 Na5 15. Qg3 Nac4 16. d3 Na5 17. Bg5 Qe6 18. f4 e4 19. Nd4 Qd5 20. Bf6
Rg8 21. O-O h6 22. Rfe1 g5 23. c4 Qxd4+ 24. Bxd4 {Black resigns} 1-0

[Event "GambitGuide"]
[Site "Internet Chess Club"]
[Date "2014.10.30"]
[Round "1"]
[White "JSBach"]
[Black "andyyang"]
[Result "0-1"]
[ICCResult "White checkmated"]
[WhiteElo "1713"]
[BlackElo "1782"]
[Opening "Vienna: `Frankenstein-Dracula' variation"]
[ECO "C27"]
[NIC "VG.02"]
[Time "20:22:35"]
[TimeControl "120+12"]

1. e4 e5 2. Nc3 Nf6 3. Bc4 Nxe4 4. Qh5 Nd6 5. Bb3 Nc6 6. Nb5 g6 7. Qf3 f5 8.
Qd5 Qe7 9. Nxc7+ Kd8 10. Nxa8 b6 11. Ba4 Nd4 12. f4 exf4+ 13. Kd1 Ne4 14.
Qxd4 Bg7 15. Nf3 Bxd4 16. Rf1 Nf2+ 17. Rxf2 Bxf2 18. b3 Bb7 19. c4 Bxa8 20.
Bb2 Re8 21. Kc2 Be4+ 22. Kc1 Bxf3 23. gxf3 Qc5 24. Bf6+ Kc8 25. Kd1 Re1+ 26.
Kc2 Rxa1 27. Bxa1 a6 28. Bc3 b5 29. cxb5 axb5 30. Bxb5 Qxb5 31. h4 Bxh4 32.
a4 Qd5 33. a5 Kb7 34. b4 Qxf3 35. b5 Qe4+ 36. Kb3 Be1 37. Ka3 Qd5 38. Ka4
Bxd2 39. a6+ Ka7 40. b6+ Kxb6 41. Bxd2 Qxd2 42. a7 Kxa7 43. Ka3 Kb6 44. Ka4
Kc5 45. Kb3 Qc1 46. Ka2 Kd4 47. Kb3 Kd3 48. Kb4 Qc5+ 49. Kxc5 f3 50. Kd6 f2
51. Kc5 f1=Q 52. Kd6 Qf4+ 53. Kxd7 Qe5 54. Kc6 Kd4 55. Kd7 Kd5 56. Kc8 Qe7
57. Kb8 Kc6 58. Kc8 Qe8# {White checkmated} 0-1

[Event "GambitGuide"]
[Site "Internet Chess Club"]
[Date "2014.10.30"]
[Round "1"]
[White "JSBach"]
[Black "oldtimer"]
[Result "0-1"]
[ICCResult "White checkmated"]
[WhiteElo "1713"]
[BlackElo "1948"]
[Opening "Vienna: `Frankenstein-Dracula' variation"]
[ECO "C27"]
[NIC "VG.02"]
[Time "20:15:11"]
[TimeControl "120+12"]

1. e4 e5 2. Nc3 Nf6 3. Bc4 Nxe4 4. Qh5 Nd6 5. Bb3 Nc6 6. Nb5 g6 7. Qf3 f5 8.
Qd5 Qe7 9. Nxc7+ Kd8 10. Nxa8 b6 11. Ba4 Bb7 12. Nxb6 axb6 13. Qb3 Kc7 14.
Ne2 Bg7 15. Nc3 Nd4 16. Nd5+ Bxd5 17. Qxd5 b5 18. Bb3 Rc8 19. c3 Ne6 20. d3
Kd8 21. O-O f4 22. Bd2 g5 23. Rae1 Rc5 24. Qf3 Rc8 25. Qh5 Bf6 26. Bd5 Qg7
27. d4 e4 28. a4 bxa4 29. Qg4 Ke7 30. Bxe4 Nxe4 31. Rxe4 Kf7 32. Ra1 Qg6 33.
f3 h5 34. Qh3 g4 35. fxg4 Qxe4 36. Qxh5+ Kg7 37. Rf1 Rb8 38. Bc1 a3 39. bxa3
Rb1 40. Qf5 d5 41. a4 Ra1 42. Qxe4 dxe4 43. g3 e3 44. gxf4 e2 45. Re1 Bh4
46. f5 Bxe1 47. Kg2 Rxc1 48. Kf3 Bxc3 49. Kxe2 Nxd4+ 50. Kd3 Bb2 51. h4 Rf1
52. h5 Nc6 53. Ke4 Rd1 54. g5 Rd4+ 55. Kf3 Rxa4 56. h6+ Kh7 57. Kg3 Ne7 58.
f6 Ng6 59. Kh2 Nh8 60. Kh3 Nf7 61. Kg3 Nxg5 62. f7 Nxf7 63. Kg2 Nxh6 64. Kf3
Be5 65. Ke2 Ra3 66. Kd2 Nf5 67. Ke2 Bf4 68. Kf2 Nd4 69. Kg2 Rb3 70. Kh1 Rb2
71. Kg1 Bg3 72. Kf1 Kh8 73. Kg1 Nf3+ 74. Kf1 Rf2# {White checkmated} 0-1

[Event "GambitGuide"]
[Site "Internet Chess Club"]
[Date "2014.10.30"]
[Round "1"]
[White "JSBach"]
[Black "scoobie"]
[Result "0-1"]
[ICCResult "White checkmated"]
[WhiteElo "1713"]
[BlackElo "2029"]
[Opening "Vienna: `Frankenstein-Dracula' variation"]
[ECO "C27"]
[NIC "VG.02"]
[Time "20:24:32"]
[TimeControl "120+12"]

1. e4 e5 2. Nc3 Nf6 3. Bc4 Nxe4 4. Qh5 Nd6 5. Bb3 Nc6 6. Nb5 g6 7. Qf3 f5 8.
Qd5 Qe7 9. Nxc7+ Kd8 10. Nxa8 b6 11. Ba4 Bb7 12. Nxb6 axb6 13. Qb3 Kc7 14.
Ne2 Nd4 15. Nxd4 exd4+ 16. Kf1 Bg7 17. d3 Re8 18. Be3 dxe3 19. Re1 e2+ 20.
Kg1 Qg5 21. g3 Qg4 22. h3 Qf3 23. Rh2 Bd4 24. Rxe2 Rxe2 25. Qb4 Qxg3+ 26.
Kf1 Rxf2+ 27. Rxf2 Qxf2# {White checkmated} 0-1

[Event "GambitGuide"]
[Site "Internet Chess Club"]
[Date "2014.10.30"]
[Round "1"]
[White "JSBach"]
[Black "ElNino"]
[Result "1-0"]
[ICCResult "Black resigns"]
[WhiteElo "1713"]
[BlackElo "1227"]
[Opening "Vienna: `Frankenstein-Dracula' variation"]
[ECO "C27"]
[NIC "VG.02"]
[Time "20:22:47"]
[TimeControl "120+12"]

1. e4 e5 2. Nc3 Nf6 3. Bc4 Nxe4 4. Qh5 Nd6 5. Bb3 Nc6 6. Nb5 g6 7. Qf3 f5 8.
Qd5 Qe7 9. Nxc7+ Kd8 10. Nxa8 b6 11. Ba4 Bb7 12. Nxb6 axb6 13. Qb3 Kc7 14.
Ne2 Nc8 15. Bb5 N8a7 16. a4 Qb4 17. Qd5 Qc5 18. Qxc5 bxc5 19. f3 d6 20. Bc4
Nd4 21. Nxd4 exd4 22. Be6 Bg7 23. O-O Re8 24. Bf7 Re7 25. Bg8 h6 26. Bc4 d5
27. Ba2 c4 28. h3 Nc6 29. d3 Ba6 30. Rd1 Nb4 31. dxc4 Nxc2 32. Bf4+ Kd7 33.
Rac1 Nb4 34. Bb3 dxc4 35. Bxc4 Bb7 36. Bb5+ Kd8 37. Bd6 Re3 38. Bxb4
{Black resigns}
1-0

[Event "GambitGuide"]
[Site "Internet Chess Club"]
[Date "2014.10.30"]
[Round "1"]
[White "JSBach"]
[Black "rodrfons"]
[Result "1-0"]
[ICCResult "Black checkmated"]
[WhiteElo "1713"]
[BlackElo "1519"]
[Opening "Vienna: `Frankenstein-Dracula' variation"]
[ECO "C27"]
[NIC "VG.02"]
[Time "20:22:35"]
[TimeControl "120+12"]

1. e4 e5 2. Nc3 Nf6 3. Bc4 Nxe4 4. Qh5 Nd6 5. Bb3 Nc6 6. Nb5 g6 7. Qf3 f5 8.
Qd5 Qe7 9. Nxc7+ Kd8 10. Nxa8 b6 11. Ba4 Bb7 12. Nxb6 axb6 13. Qb3 Kc7 14.
Ne2 Bg7 15. Nc3 Nd4 16. Nd5+ Bxd5 17. Qxd5 Qe6 18. Qxe6 Nxe6 19. Bb3 Nc5 20.
Bd5 Nb5 21. a3 Nd4 22. Kd1 Kd6 23. c4 Ncb3 24. Rb1 e4 25. Re1 Be5 26. h4 Kc5
27. d3 Bf6 28. dxe4 Bxh4 29. g3 Bf6 30. e5 Be7 31. Bd2 Nxd2 32. b4#
{Black checkmated}
1-0

[Event "GambitGuide"]
[Site "Internet Chess Club"]
[Date "2014.10.30"]
[Round "1"]
[White "JSBach"]
[Black "jupiter26"]
[Result "0-1"]
[ICCResult "White checkmated"]
[WhiteElo "1713"]
[BlackElo "1589"]
[Opening "Vienna: `Frankenstein-Dracula' variation"]
[ECO "C27"]
[NIC "VG.02"]
[Time "20:22:41"]
[TimeControl "120+12"]

1. e4 e5 2. Nc3 Nf6 3. Bc4 Nxe4 4. Qh5 Nd6 5. Bb3 Nc6 6. Nb5 g6 7. Qf3 f5 8.
Qd5 Qe7 9. Nxc7+ Kd8 10. Nxa8 b6 11. Ba4 Bb7 12. Nxb6 axb6 13. Qb3 b5 14.
Nf3 e4 15. Ng1 bxa4 16. Qxa4 Bg7 17. Qa3 Nd4 18. Qc5 e3 19. dxe3 Qe4 20. f3
Nxc2+ 21. Kd2 Nc4+ 22. Ke2 Nd4+ 23. Ke1 Qd3 24. Kf2 Qc2+ 25. Kg3 Be5+ 26.
Kh3 Ne6 27. Qb5 Ng5+ 28. Kh4 Qf2+ 29. Kxg5 h6+ 30. Kxg6 Qh4 31. e4 Rg8+ 32.
Kh7 Qf6 33. Qxd7+ Kxd7 34. Kxg8 Qg6+ 35. Kf8 Qg7# {White checkmated} 0-1

[Event "GambitGuide"]
[Site "Internet Chess Club"]
[Date "2014.10.30"]
[Round "1"]
[White "JSBach"]
[Black "CairnTerrier"]
[Result "1-0"]
[ICCResult "Black resigns"]
[WhiteElo "1713"]
[BlackElo "1232"]
[Opening "Vienna: `Frankenstein-Dracula' variation"]
[ECO "C27"]
[NIC "VG.02"]
[Time "20:25:24"]
[TimeControl "120+12"]

1. e4 e5 2. Nc3 Nf6 3. Bc4 Nxe4 4. Qh5 Nd6 5. Bb3 Nc6 6. Nb5 g6 7. Qf3 f5 8.
Qd5 Qe7 9. Nxc7+ Kd8 10. Nxa8 b6 11. Ba4 Ba6 12. Bxc6 e4 13. Qd4 Nb5 14.
Bxb5 Bxb5 15. Qxh8 Kc8 16. a4 Bc4 17. a5 Kb7 18. axb6 a6 19. Qd4 Bb5 20. Nc7
Qg5 21. g3 Qg4 22. Nxb5 {Black resigns} 1-0

[Event "GambitGuide"]
[Site "Internet Chess Club"]
[Date "2014.10.30"]
[Round "1"]
[White "JSBach"]
[Black "andyyang"]
[Result "0-1"]
[ICCResult "White checkmated"]
[WhiteElo "1713"]
[BlackElo "1782"]
[Opening "Vienna: `Frankenstein-Dracula' variation"]
[ECO "C27"]
[NIC "VG.02"]
[Time "20:25:28"]
[TimeControl "120+12"]

1. e4 e5 2. Nc3 Nf6 3. Bc4 Nxe4 4. Qh5 Nd6 5. Bb3 Nc6 6. Nb5 g6 7. Qf3 f5 8.
Qd5 Qe7 9. Nxc7+ Kd8 10. Nxa8 b6 11. Ba4 Nd4 12. f4 exf4+ 13. Kd1 Ne4 14.
Qxd4 Bg7 15. Nf3 Bxd4 16. Rf1 Nf2+ 17. Rxf2 Bxf2 18. b3 Bb7 19. c4 Bxa8 20.
Bb2 Re8 21. Kc2 Be4+ 22. Kc1 Bxf3 23. gxf3 Qc5 24. Bf6+ Kc8 25. Kd1 Re1+ 26.
Kc2 Rxa1 27. Bxa1 a6 28. Bc3 b5 29. cxb5 axb5 30. Bxb5 Qxb5 31. h4 Bxh4 32.
b4 Qa4+ 33. Kc1 Qxa2 34. b5 Qe6 35. b6 Qxb6 36. d3 Qc5 37. Kc2 Be1 38. Kd1
Bxc3 39. Kc2 Bd4+ 40. Kd1 Qc3 41. Ke2 Be3 42. Kf1 Qxd3+ 43. Kg2 h5 44. Kh3
Bf2 45. Kh2 Bh4 46. Kg1 Qxf3 47. Kh2 Bg3+ 48. Kg1 Qf2+ 49. Kh1 Qf1#
{White checkmated}
0-1

[Event "GambitGuide"]
[Site "Internet Chess Club"]
[Date "2014.10.30"]
[Round "1"]
[White "JSBach"]
[Black "CairnTerrier"]
[Result "1-0"]
[ICCResult "Black checkmated"]
[WhiteElo "1713"]
[BlackElo "1232"]
[Opening "Vienna: `Frankenstein-Dracula' variation"]
[ECO "C27"]
[NIC "VG.02"]
[Time "20:26:26"]
[TimeControl "120+12"]

1. e4 e5 2. Nc3 Nf6 3. Bc4 Nxe4 4. Qh5 Nd6 5. Bb3 Nc6 6. Nb5 g6 7. Qf3 f5 8.
Qd5 Qe7 9. Nxc7+ Kd8 10. Nxa8 b6 11. Ba4 Bb7 12. Nxb6 axb6 13. Qb3 Nd4 14.
Qxb6+ Ke8 15. Kf1 Bc6 16. Bxc6 dxc6 17. d3 e4 18. Qxd4 exd3 19. Qxh8 Nc4 20.
cxd3 Ne5 21. d4 Nd3 22. Ne2 Nb4 23. Bh6 Nd5 24. Re1 Qb4 25. Nf4+ Kd7 26.
Qxh7+ Kc8 27. Re8# {Black checkmated} 1-0

[Event "GambitGuide"]
[Site "Internet Chess Club"]
[Date "2014.10.30"]
[Round "1"]
[White "JSBach"]
[Black "CairnTerrier"]
[Result "1-0"]
[ICCResult "Black resigns"]
[WhiteElo "1713"]
[BlackElo "1232"]
[Opening "Vienna: `Frankenstein-Dracula' variation"]
[ECO "C27"]
[NIC "VG.02"]
[Time "20:27:54"]
[TimeControl "120+12"]

1. e4 e5 2. Nc3 Nf6 3. Bc4 Nxe4 4. Qh5 Nd6 5. Bb3 Nc6 6. Nb5 g6 7. Qf3 f5 8.
Qd5 Qe7 9. Nxc7+ Kd8 10. Nxa8 b6 11. Ba4 Ne4 12. Bxc6 Qb4 13. Qxe5 dxc6 14.
Qxh8 Qc4 15. Qxf8+ Kd7 16. Qg7+ Ke6 17. Qg8+ {Black resigns} 1-0

[Event "GambitGuide"]
[Site "Internet Chess Club"]
[Date "2014.10.30"]
[Round "1"]
[White "JSBach"]
[Black "nightyknight"]
[Result "0-1"]
[ICCResult "White checkmated"]
[WhiteElo "1713"]
[BlackElo "1189"]
[Opening "Vienna: `Frankenstein-Dracula' variation"]
[ECO "C27"]
[NIC "VG.02"]
[Time "20:21:50"]
[TimeControl "120+12"]

1. e4 e5 2. Nc3 Nf6 3. Bc4 Nxe4 4. Qh5 Nd6 5. Bb3 Nc6 6. Nb5 g6 7. Qf3 f5 8.
Qd5 Qe7 9. Nxc7+ Kd8 10. Nxa8 b6 11. Ba4 Nd4 12. f4 Bg7 13. fxe5 Bxe5 14. g4
Bxh2+ 15. Kf2 Ne4+ 16. Kg2 Qh4 17. Qxd4 Qg3+ 18. Kf1 Qf4+ 19. Ke1 Bg3+ 20.
Ke2 Re8 21. Qe3 Nc5 22. Qxe8+ Kxe8 23. Nc7+ Kd8 24. Ne6+ dxe6 25. c3 Qf2+
26. Kd1 Qe1+ 27. Kc2 Qe4+ 28. Kd1 Qxh1 29. Bc6 Qxg1+ 30. Kc2 Ba6 31. b4 Bd3+
32. Kb2 Qd1 33. gxf5 exf5 34. bxc5 bxc5 35. Bd5 Bd6 36. Bb3 Qe2 37. Bc2 Bxc2
38. Kxc2 f4 39. Bb2 f3 40. Ba3 f2 41. Bb2 f1=Q 42. Rxf1 Qxf1 43. a4 Qa6 44.
a5 Qxa5 45. d4 cxd4 46. cxd4 g5 47. Bc3 Qc7 48. Kd3 g4 49. Bb2 h5 50. d5 g3
51. Bf6+ Kd7 52. Bd4 h4 53. Ke4 h3 54. Kf3 g2 55. Bg1 Qc3+ 56. Ke2 Bg3 57.
Bxa7 Qe1+ 58. Kd3 g1=Q 59. Bxg1 Qxg1 60. Kc4 h2 61. Kd3 h1=Q 62. Kc4 Be1 63.
Kd3 Qg4 64. Kc2 Qhh3 65. Kb2 Qgg2+ 66. Kc1 Ba5 67. Kb1 Qhh1# {White
checkmated} 0-1

[Event "GambitGuide"]
[Site "Internet Chess Club"]
[Date "2014.10.30"]
[Round "1"]
[White "JSBach"]
[Black "darrellmac"]
[Result "1-0"]
[ICCResult "Black resigns"]
[WhiteElo "1713"]
[BlackElo "1520"]
[Opening "Vienna: `Frankenstein-Dracula' variation"]
[ECO "C27"]
[NIC "VG.02"]
[Time "20:19:05"]
[TimeControl "120+12"]

1. e4 e5 2. Nc3 Nf6 3. Bc4 Nxe4 4. Qh5 Nd6 5. Bb3 Nc6 6. Nb5 g6 7. Qf3 f5 8.
Qd5 Qe7 9. Nxc7+ Kd8 10. Nxa8 b6 11. Ba4 Bb7 12. Nxb6 axb6 13. Qb3 Nc8 14.
Ne2 Qe6 15. Qxe6 dxe6 16. Ng3 Kc7 17. a3 Bd6 18. d3 Rf8 19. Bg5 Rf7 20. f3
N8a7 21. Rd1 b5 22. Bb3 Nd4 23. Be3 Nac6 24. Bxd4 Nxd4 25. Rc1 Rf6 26. Ba2
b4 27. a4 Kb6 28. Bc4 Bd5 29. Rf1 Ka5 30. c3 Nb3 31. Bxb3 Bxb3 32. c4 Bc5
33. Ke2 Bd4 34. Rb1 h5 35. h4 Kb6 36. Rbc1 Bxa4 37. Ra1 Bc6 38. Ra2 e4 39.
dxe4 fxe4 40. Nxe4 Rf4 41. Rd1 Be5 42. c5+ Kb5 43. Nd6+ Bxd6 44. cxd6 Bd7
45. Ra7 Rf7 46. Rc1 Kb6 47. Rcc7 Bb5+ 48. Ke3 Rf8 49. Ke4 Rf5 50. Rab7+ Ka6
51. d7 Bxd7 52. Rxd7 g5 53. Kd4 Rf4+ 54. Kc5 Rf5+ 55. Kc6 {Black resigns}
1-0

[Event "GambitGuide"]
[Site "Internet Chess Club"]
[Date "2014.10.30"]
[Round "1"]
[White "JSBach"]
[Black "CairnTerrier"]
[Result "1-0"]
[ICCResult "Black resigns"]
[WhiteElo "1713"]
[BlackElo "1232"]
[Opening "Vienna: `Frankenstein-Dracula' variation"]
[ECO "C27"]
[NIC "VG.02"]
[Time "20:28:35"]
[TimeControl "120+12"]

1. e4 e5 2. Nc3 Nf6 3. Bc4 Nxe4 4. Qh5 Nd6 5. Bb3 Nc6 6. Nb5 g6 7. Qf3 f5 8.
Qd5 Qe7 9. Nxc7+ Kd8 10. Nxa8 b6 11. Ba4 Bb7 12. Nxb6 axb6 13. Qb3 Kc7 14.
Ne2 Nd4 15. Nxd4 exd4+ 16. Kf1 d3 17. Qc3+ Kd8 18. Qxd3 Bh6 19. Qd4 b5 20.
Qxh8+ Kc7 21. Bb3 Ba6 22. Qa8 Bb7 23. Qa5+ Kb8 24. a4 b4 25. Qxb4 Ka8 26.
Qb6 Kb8 27. Bd5 Qe5 28. c4 Qe7 29. b4 Bf4 30. c5 {Black resigns} 1-0

[Event "GambitGuide"]
[Site "Internet Chess Club"]
[Date "2014.10.30"]
[Round "1"]
[White "JSBach"]
[Black "CairnTerrier"]
[Result "1-0"]
[ICCResult "Black resigns"]
[WhiteElo "1713"]
[BlackElo "1232"]
[Opening "Vienna: `Frankenstein-Dracula' variation"]
[ECO "C27"]
[NIC "VG.02"]
[Time "20:30:06"]
[TimeControl "120+12"]

1. e4 e5 2. Nc3 Nf6 3. Bc4 Nxe4 4. Qh5 Nd6 5. Bb3 Nc6 6. Nb5 g6 7. Qf3 f5 8.
Qd5 Qe7 9. Nxc7+ Kd8 10. Nxa8 b6 11. Ba4 b5 12. Bxb5 Nxb5 13. Qxb5 e4 14.
Ne2 g5 15. d4 f4 16. Bd2 f3 17. Bxg5 fxe2 18. Bxe7+ Kxe7 19. d5 Nd4 20. Qc5+
d6 21. Qxd4 {Black resigns} 1-0

[Event "GambitGuide"]
[Site "Internet Chess Club"]
[Date "2014.10.30"]
[Round "1"]
[White "JSBach"]
[Black "CairnTerrier"]
[Result "1/2-1/2"]
[ICCResult "Game drawn by repetition"]
[WhiteElo "1713"]
[BlackElo "1232"]
[Opening "Vienna: `Frankenstein-Dracula' variation"]
[ECO "C27"]
[NIC "VG.02"]
[Time "20:31:01"]
[TimeControl "120+12"]

1. e4 e5 2. Nc3 Nf6 3. Bc4 Nxe4 4. Qh5 Nd6 5. Bb3 Nc6 6. Nb5 g6 7. Qf3 f5 8.
Qd5 Qe7 9. Nxc7+ Kd8 10. Nxa8 b6 11. Ba4 Bb7 12. Nxb6 axb6 13. Qb3 Kc7 14.
Ne2 e4 15. Qd5 Bh6 16. Bb3 Re8 17. O-O Nb4 18. Qd4 Nc6 19. Qd5 Nb4 20. Qd4
Nc6 21. Qd5 {Game drawn by repetition} 1/2-1/2

[Event "GambitGuide"]
[Site "Internet Chess Club"]
[Date "2014.10.30"]
[Round "1"]
[White "JSBach"]
[Black "captain"]
[Result "1-0"]
[ICCResult "Black resigns"]
[WhiteElo "1713"]
[BlackElo "1129"]
[Opening "Vienna: `Frankenstein-Dracula' variation"]
[ECO "C27"]
[NIC "VG.02"]
[Time "20:29:51"]
[TimeControl "120+12"]

1. e4 e5 2. Nc3 Nf6 3. Bc4 Nxe4 4. Qh5 Nd6 5. Bb3 Nc6 6. Nb5 g6 7. Qf3 f5 8.
Qd5 Qe7 9. Nxc7+ Kd8 10. Nxa8 b6 11. Ba4 Bb7 12. Nxb6 axb6 13. Qb3 Nc8 14.
Ne2 Bg7 15. Bb5 Ke8 16. O-O Rf8 17. Re1 Rf6 18. Qg8+ Rf8 19. Qxh7 Rh8 20.
Qxg6+ Kd8 21. Qxf5 Nd6 22. Qd3 Nxb5 23. Qxb5 Qg5 24. Qxb6+ Kc8 25. a4 Nd4
26. Qc5+ Kb8 27. Ng3 Rc8 28. Qd6+ Ka8 29. c3 Nf5 30. Qxd7 Nxg3 31. fxg3 e4
32. Rxe4 Bxe4 33. Qxc8+ Ka7 34. d3 Qc5+ 35. Qxc5+ {Black resigns} 1-0

[Event "GambitGuide"]
[Site "Internet Chess Club"]
[Date "2014.10.30"]
[Round "1"]
[White "JSBach"]
[Black "Koval"]
[Result "1/2-1/2"]
[ICCResult "Game drawn by repetition"]
[WhiteElo "1700"]
[BlackElo "1991"]
[Opening "Vienna: `Frankenstein-Dracula' variation"]
[ECO "C27"]
[NIC "VG.02"]
[Time "20:31:31"]
[TimeControl "120+12"]

1. e4 e5 2. Nc3 Nf6 3. Bc4 Nxe4 4. Qh5 Nd6 5. Bb3 Nc6 6. Nb5 g6 7. Qf3 f5 8.
Qd5 Qe7 9. Nxc7+ Kd8 10. Nxa8 b6 11. Ba4 Bb7 12. Nxb6 axb6 13. Qb3 Kc7 14.
Nf3 e4 15. Ng1 Ba6 16. Qa3 Kb7 17. Qe3 Nc4 18. Qc3 Bg7 19. Bxc6+ dxc6 20.
Qb3 Rd8 21. a4 f4 22. a5 b5 23. Ra4 Ka7 24. Rxc4 bxc4 25. Qb6+ Ka8 26. Qxa6+
Qa7 27. Qxc6+ Qb7 28. Qxc4 e3 29. Nf3 exf2+ 30. Kxf2 g5 31. d4 g4 32. Ne5
Bxe5 33. dxe5 g3+ 34. hxg3 fxg3+ 35. Kxg3 Qg7+ 36. Kh3 Rg8 37. Qd5+ Kb8 38.
Qd6+ Ka8 39. Qd5+ Kb8 40. Qd6+ Ka8 41. Qd5+ Kb8 42. Qd6+ Ka8 43. Qd5+
{Game drawn by repetition}
1/2-1/2

[Event "GambitGuide"]
[Site "Internet Chess Club"]
[Date "2014.10.30"]
[Round "1"]
[White "JSBach"]
[Black "ZenChess"]
[Result "1-0"]
[ICCResult "Black checkmated"]
[WhiteElo "1700"]
[BlackElo "1659"]
[Opening "Vienna: `Frankenstein-Dracula' variation"]
[ECO "C27"]
[NIC "VG.02"]
[Time "20:32:34"]
[TimeControl "120+12"]

1. e4 e5 2. Nc3 Nf6 3. Bc4 Nxe4 4. Qh5 Nd6 5. Bb3 Nc6 6. Nb5 g6 7. Qf3 f5 8.
Qd5 Qe7 9. Nxc7+ Kd8 10. Nxa8 b6 11. Ba4 Bb7 12. Nxb6 axb6 13. Qb3 Kc7 14.
Ne2 Qg5 15. Qg3 Qf6 16. Qb3 Ne4 17. Qb5 Na7 18. Qxd7+ Kb8 19. d4 Bd6 20.
dxe5 Bxe5 21. O-O Bxh2+ 22. Kxh2 Qh4+ 23. Kg1 Nc5 24. Qd6+ Ka8 25. Bb3 Bxg2
26. Kxg2 Ne4 27. Bd5+ Nc6 28. Qxc6+ Ka7 29. Qb7# {Black checkmated} 1-0